 Dungeon Crawl Stone Soup version 0.32-a0-361-g289a535e89 (webtiles) character file.

Game seed: 16487204677159803189

1647 sleeves the Thaumaturge (level 9, -2/51 HPs)
             Began as an Octopode Alchemist on Feb 19, 2024.
             Killed from afar by a bog mummy (10 damage)
             ... with a puff of frost
             ... in an ossuary.
             The game lasted 00:17:43 (6303 turns).

sleeves the Thaumaturge (Octopode Alchemist)        Turns: 6303, Time: 00:17:44

Health: -2/51      AC:  1    Str:  7    XL:     9   Next: 0%
Magic:  35/35      EV: 13    Int: 22    God:
Gold:   339        SH:  0    Dex: 12    Spells: 12/24 levels left

rFire   . . .        g - +2 whip (elec)
rCold   . . .        (no shield)
rNeg    . . .        (helmet restricted)
rPois   .            q
                       - Hermit's Pendant {Faith Invo=14 Evo=0 MP+5}
rElec   .            r - ring of magical power
rCorr   .            (no ring)
SInv    .            (no ring)
Will    .....        (no ring)
Stlth   ++++         (no ring)
HPRegen 0.28/turn    (no ring)
MPRegen 0.24/turn    (no ring)
                     (no ring)

%: faith
@: hasted, very quick
A: almost no armour, amphibious, 8 rings, camouflage 1, gelatinous body 1,
(nimble swimmer 1), tentacles
a: no special abilities


You were in an ossuary.
You visited 1 branch of the dungeon, and saw 6 of its levels.
You also visited: Sewer and Ossuary.

You collected 339 gold pieces.

Inventory:

Hand Weapons
 b - a +0 dagger
   (You took it off a goblin on level 1 of the Dungeon)
 g - a +2 whip of electrocution (weapon)
   (You found it on level 1 of the Dungeon)
 o - a +2 dagger of draining
   (You took it off a kobold on level 4 of the Dungeon)
 t - a +2 dagger of freezing
   (You took it off an orc on level 5 of the Dungeon)
Jewellery
 q - the Hermit's Pendant (around mantle) {Faith Invo=14 Evo=0 MP+5}
   (You found it on level 5 of the Dungeon)

   [amulet of faith]

   Invo=14: It sets your Invocations skill to 14.
   Evo=0: It sets your Evocations skill to 0.
   Faith:     It allows you to gain divine favour quickly.
   MP+5:      It affects your magic capacity (+5).
 r - a ring of magical power (left tentacle)
   (You found it in a sewer)
 y - a ring of willpower
   (You found it in an ossuary)
Scrolls
 c - a scroll of revelation {unknown}
 e - 11 scrolls of identify {unknown}
 f - 6 scrolls of teleportation {unknown}
 i - a scroll of amnesia {unknown}
 m - 3 scrolls of vulnerability {unknown}
 p - a scroll of enchant armour {unknown}
 u - a scroll of poison {unknown}
 v - 2 scrolls of fear {unknown}
 x - a scroll of enchant weapon {unknown}
 C - a scroll of summoning {unknown}
Potions
 a - 3 potions of magic
 d - a potion of lignification {unknown}
 h - 2 potions of haste
 j - a potion of resistance {unknown}
 k - 4 potions of might {unknown}
 l - a potion of attraction {unknown}
 n - 5 potions of curing {unknown}
 s - a potion of heal wounds {unknown}
 w - a potion of invisibility {unknown}
 z - 4 potions of enlightenment {unknown}
 A - a potion of mutation {unknown}
 B - a potion of degeneration {unknown}


   Skills:
 - Level 2.0 Dodging
 + Level 6.1 Stealth
 - Level 8.1 Spellcasting
 + Level 4.1 Conjurations
 + Level 1.8 Fire Magic
 - Level 5.0 Alchemy


You had 12 spell levels left.
You knew the following spells:

 Your Spells              Type           Power      Damage    Failure   Level
a - Sting                 Conj/Alch      100%       1d9       1%          1
b - Mephitic Cloud        Conj/Alch/Air  22%        N/A       6%          3
c - Fulminant Prism       Conj/Alch      14%        3d8       11%         4
d - Sticky Flame          Fire/Alch      24%        2d6       19%         4

Your spell library contained the following spells:

 Spells                   Type           Power      Damage    Failure   Level
 Mercury Vapours          Alch/Air       38%        N/A       4%          2
 Olgreb's Toxic Radiance  Alch           30%        N/A       10%         4
 Call Imp                 Summ           16%        N/A       11%         2
 Sublimation of Blood     Necr           8%         N/A       11%         2
 Inner Flame              Hex/Fire       13%        N/A       16%         3
 Ozocubu's Armour         Ice            8%         N/A       22%         3
 Metabolic Englaciation   Hex/Ice        4%         N/A       90%         5
 Sculpt Simulacrum        Ice/Alch       9%         N/A       99%         6
 Summon Hydra             Summ           4%         N/A       100%        7


Dungeon Overview and Level Annotations

Branches:
Dungeon (6/15)              Sewer (visited)         Ossuary (1/1)
 Temple: D:4-7

Altars:
Fedhas
Trog
Wu Jian

Shops:
D:4 *

Annotations:
D:4 exclusions: 2 doors and water moccasin
D:5 exclusions: jelly and water moccasin, Grinder
D:6 exclusion: water moccasin


Innate Abilities, Weirdness & Mutations

You cannot wear most types of armour.
You are amphibious.
You can wear up to eight rings at the same time.
Your skin changes colour to match your surroundings (Stealth+).
Your rubbery body absorbs attacks. (AC +1, EV +1)
((You are camouflaged when in or above water. (Stealth+)))
You have tentacles for arms and can constrict up to eight enemies at once.


Message History

No reachable target in view!
The sting hits the crocodile.
The crocodile is poisoned.
The crocodile is lightly wounded.
The sting misses the crocodile.
The crocodile is engulfed in noxious fumes.
The crocodile appears confused.
You hit the crocodile.
The crocodile is moderately wounded.
The crocodile closely misses you.
You hit the crocodile. You squeeze the crocodile.
The crocodile is severely wounded.
The crocodile misses you.
You hit the crocodile but do no damage.
The crocodile is severely wounded.
The crocodile bites you! The crocodile drags you backwards!
You are too injured to fight recklessly!
You barely miss the crocodile. You squeeze the crocodile.
The crocodile is almost dead.
The crocodile is engulfed in noxious fumes.
The crocodile appears confused.
You are too injured to fight recklessly!
Casting: Sting (safe; 2% risk of failure)
Confirm with . or Enter, or press ? or * to list all spells.
Aiming: Sting (safe; 2% risk of failure)
Press: ? - help, Shift-Dir - straight line, f/p - crocodile
Aim: a crocodile (noxious fumes, almost dead, confused, poisoned, 88% to hit)
The sting hits the crocodile.
The crocodile looks even sicker.
You kill the crocodile!
Your Spellcasting skill increases to level 8!
You start resting.
HP restored.
Magic restored.
You see here a bat corpse.
h - 2 potions of haste (gained 1)
Found a chain mail.
You now have enough gold to buy a scroll of acquirement on D:4.
You can access your shopping list by pressing '$'.
You now have 260 gold pieces (gained 23).
You now have 272 gold pieces (gained 12).
You now have 286 gold pieces (gained 14).
You see here a +0 chain mail.
r - a ring of magical power You feel your magic capacity increase.
r - a ring of magical power (left tentacle)
s - an inky potion You now have 293 gold pieces (gained 7).
You now have 306 gold pieces (gained 13).
Done exploring.
Okay, then.
Done exploring.
There is a gate leading back out of this place here.
Welcome back to the Dungeon!
There is a collapsed entrance here.
The sting hits the giant cockroach.
The giant cockroach is poisoned.
The giant cockroach is almost dead.
You kill the giant cockroach!
The sting misses the orc.
The sting hits the orc.
The orc is poisoned.
The orc is lightly wounded.
The sting misses the orc.
The sting misses the orc.
The sting hits the orc.
The orc looks even sicker.
You kill the orc!
You hear a splash.
You enter the shallow water.
Things that are here:
a +2 dagger of freezing; an orc corpse
t - a +2 dagger of freezing Magic restored.
There is a collapsed entrance here.
You enter the shallow water.
You see here a quokka skeleton.
You now have 319 gold pieces (gained 13).
An orc comes into view. It is wielding a +0 club.
An orc is nearby!
An orc is nearby!
The sting hits the orc.
The orc is poisoned.
The orc is heavily wounded.
The orc shouts!
The sting hits the orc!
The orc looks even sicker.
You kill the orc!
Things that are here:
a +0 club; a +0 leather armour; an orc corpse
Found a stone staircase leading down.
Found a dagger.
u - a scroll labelled ITZUMIMILA
v - a scroll labelled NEGUPH NEUSHRU
w - an amethyst potion 2 orcs come into view.
An orc is wielding a +1 antimagic hand axe.
There are monsters nearby!
There are monsters nearby!
An orc comes into view. It is wielding a +0 whip.
You can't see any susceptible monsters within range! (Use Z to cast anyway.)
Casting: Sting (safe; 2% risk of failure)
Confirm with . or Enter, or press ? or * to list all spells.
Aiming: Mephitic Cloud (dangerous; 11% risk of failure)
Press: ? - help, Shift-Dir - straight line, f - orc
Aim: an orc, wielding a +0 mace and wearing a +0 scale mail (asleep, chance to affect: 96%)
The ball explodes into a vile cloud!
The stinking cloud engulfs the orc. x2
The orc is engulfed in noxious fumes.
The orc appears confused.
The orc is engulfed in noxious fumes.
The orc appears confused.
The orc shouts!
You hit the orc but do no damage. Your grab misses the orc.
The orc is engulfed in noxious fumes.
The orc appears confused.
The orc hits you with a +0 mace.
You hit the orc. You grab the orc.
The orc is moderately wounded.
You constrict the orc.
The orc is engulfed in noxious fumes.
The orc struggles to escape constriction.
An orc wizard comes into view. It is wielding a +0 dagger.
The orc wizard is engulfed in noxious fumes.
The orc wizard appears confused.
The orc wizard barely misses the orc.
The orc is engulfed in noxious fumes.
The orc appears confused.
The orc escapes!
You strike the helpless orc from behind!
You hit the orc. Lightning courses through the orc!
You kill the orc!
The orc wizard shouts!
The orc wizard is engulfed in noxious fumes.
The orc wizard hits the orc with a +0 dagger.
Casting: Mephitic Cloud (dangerous; 11% risk of failure)
Confirm with . or Enter, or press ? or * to list all spells.
Aiming: Mephitic Cloud (dangerous; 11% risk of failure)
Press: ? - help, Shift-Dir - straight line, f - orc
Aim: an orc, wielding a +0 whip and wearing a +0 leather armour (chance to affect: 96%)
The ball explodes into a vile cloud!
The stinking cloud engulfs the orc. x2
The orc is heavily wounded.
The orc is engulfed in noxious fumes.
The orc appears confused.
The orc wizard is engulfed in noxious fumes.
You miscast Sting.
You are very lightly contaminated with residual magic.
Nothing appears to happen.
The orc is engulfed in noxious fumes.
The orc appears confused.
The sting hits the orc.
The orc is poisoned.
The orc is almost dead.
The orc wizard is engulfed in noxious fumes.
The orc wizard appears confused.
The orc wizard hits the orc with a +0 dagger.
The orc is killed!
The orc wizard hits itself with a +0 dagger.
The sting hits the orc wizard.
The orc wizard is poisoned.
The orc wizard is severely wounded.
The orc is engulfed in noxious fumes.
The orc appears confused.
The sting hits the orc wizard but does no damage.
The orc wizard looks even sicker.
The orc wizard is almost dead.
The orc is engulfed in noxious fumes.
The orc appears confused.
The orc wizard is engulfed in noxious fumes.
The orc wizard appears confused.
The sting hits the orc wizard.
The orc wizard looks even sicker.
You kill the orc wizard!
The sting hits the orc.
The orc is poisoned.
The orc is almost dead.
The orc is engulfed in noxious fumes.
The orc appears confused.
The sting hits the orc but does no damage.
The orc looks even sicker.
The orc is almost dead.
The orc is engulfed in noxious fumes.
Your magical contamination has completely faded away.
You kill the orc!
Items here: ))) [[ †††.
e - 10 scrolls labelled IHEUSUP TUDGH (gained 1)
Found a short sword.
Grinder comes into view.
Found a robe.
Grinder is nearby!
Grinder is nearby!
Found a ring mail.
An iguana comes into view.
Your +2 whip of electrocution stops crackling.
Your +2 dagger of freezing glows with a cold blue light!
t - a +2 dagger of freezing (weapon)
Found a stone staircase leading up.
Found 13 gold pieces.
The helpless iguana fails to defend itself.
You hit the iguana.
The iguana seems to slow down.
You freeze the iguana. You grab the iguana.
The iguana is moderately wounded.
You constrict the iguana. The iguana bites you!
You hit the iguana but do no damage. You squeeze the iguana.
The iguana is heavily wounded.
You constrict the iguana, but do no damage.
The iguana is no longer moving slowly.
The iguana bites you.
You hit the iguana.
The iguana seems to slow down.
You freeze the iguana. You squeeze the iguana.
You kill the iguana!
You see here an iguana corpse.
You now have 332 gold pieces (gained 13).
You see here an iguana corpse.
There is a stone staircase leading up here.
You start resting.
HP restored.
A jelly comes into view.
Found a glowing pink potion.
Press: ? - help, v - describe, . - travel
Here: a jelly (asleep)
The floor.
There is a stone staircase leading up here.
Items here: ))) [[ †††.
You see here a +0 short sword.
You see here a +0 robe.
Found a stone staircase leading down.
Found a ring mail.
There is a stone staircase leading down here.
You see here a +0 ring mail.
f - 5 scrolls labelled NAD KEMIKUGHU (gained 1)
h - 3 potions of haste (gained 1)
Found 6 boomerangs.
You see here 6 boomerangs.
A scorpion comes into view.
A scorpion is nearby!
You can't see any susceptible monsters within range! (Use Z to cast anyway.)
The sting hits the scorpion.
The scorpion is poisoned.
The scorpion is lightly wounded.
The sting hits the scorpion.
The scorpion looks even sicker.
The scorpion is moderately wounded.
The sting hits the scorpion but does no damage.
The scorpion looks even sicker.
The scorpion is moderately wounded.
The scorpion barely misses you.
You closely miss the scorpion. You grab the scorpion. You squeeze the scorpion.
The scorpion is severely wounded.
You constrict the scorpion, but do no damage.
You kill the scorpion!
Your Stealth skill increases to level 3!
Your Conjurations skill increases to level 2!
Magic restored.
You now have 339 gold pieces (gained 7).
There is a stone staircase leading down here.
You see here a +0 robe.
You see here a +0 short sword.
You see here an iguana skeleton.
There is a stone staircase leading down here.
There is a stone staircase leading down here.
Found an escape hatch in the floor.
There is an escape hatch in the floor here.
A water moccasin comes into view.
A water moccasin is nearby!
You see here 5 poisoned darts.
You see here a quokka skeleton.
There is a stone staircase leading down here.
There is a stone staircase leading down here.
There is a stone staircase leading down here.
You see here a +0 short sword.
You see here a +0 robe.
There is a stone staircase leading down here.
You see here 6 boomerangs.
You see here 6 boomerangs.
There is a stone staircase leading down here.
You see here a +0 robe.
You see here a +0 short sword.
There is a stone staircase leading down here.
Found a war axe.
There is a stone staircase leading down here.
There is a stone staircase leading down here.
You see here a +0 short sword.
You see here a +0 robe.
There is a stone staircase leading down here.
You see here 6 boomerangs.
Partly explored, can't reach some items and places.
Partly explored, can't reach some items and places.
You see here 6 boomerangs.
There is a stone staircase leading down here.
You climb downwards.
You hear the hiss of flowing sand.
There is an entrance to an ossuary on this level.
Hurry and find it before the portal is buried!
There is a stone staircase leading up here.
An orc priest comes into view. It is wielding a +0 hand axe.
An orc comes into view. It is wielding a +0 club.
You hear the slow hiss of a distant avalanche of sand.
You open the door.
Found an ornate altar of the Wu Jian Council.
There is an open door here.
There is an open door here.
A water moccasin comes into view.
Found a chain mail.
An orc comes into view.
It is wielding a +0 club. 2 orcs come into view.
The sting hits the orc but does no damage.
The orc is poisoned.
The orc shouts! x3
The sting hits the orc.
The orc looks even sicker.
The orc is severely wounded.
You hit the orc. You freeze the orc.
You kill the orc!
The sting hits the orc.
The orc is poisoned.
The orc is moderately wounded.
You closely miss the orc. You grab the orc.
The orc is moderately wounded.
You constrict the orc. The orc hits you with a +0 club.
You barely miss the orc. You squeeze the orc.
The orc is almost dead.
You constrict the orc.
You kill the orc!
The sting hits the orc.
The orc is poisoned.
You kill the orc!
You hear the slow hiss of a distant avalanche of sand.
HP restored.
Magic restored.
Found a stone staircase leading down.
Found a stone staircase leading down.
Found a ring mail.
You hear the hiss of a very distant avalanche of sand.
A hound comes into view.
You hear the hiss of a very distant avalanche of sand.
An iguana comes into view.
The iguana hisses angrily.
The sting hits the iguana.
The iguana is poisoned.
The iguana is moderately wounded.
The sting misses the iguana.
The sting hits the iguana.
The iguana looks even sicker.
The iguana is heavily wounded.
You completely miss the iguana. You grab the iguana.
The iguana is severely wounded.
You constrict the iguana, but do no damage.
The iguana bites you!
You barely miss the iguana. You squeeze the iguana.
The iguana is severely wounded.
You constrict the iguana, but do no damage.
The iguana barely misses you.
You hit the iguana.
The iguana seems to slow down.
You freeze the iguana.
You kill the iguana!
Found a blossoming altar of Fedhas.
You hear the brisk hiss of a distant avalanche of sand.
A hound comes into view.
The helpless hound fails to defend itself.
You puncture the hound! You freeze the hound. Your grab misses the hound.
Your squeeze misses the hound.
The hound is severely wounded.
The hound closely misses you. The hound bites you.
You barely miss the hound. You grab the hound.
The hound is severely wounded.
You constrict the hound. The hound closely misses you.
You hit the hound. You freeze the hound.
You kill the hound!
Found a sand-covered staircase.
There is a sand-covered staircase here.
The world spins around you as you enter the gateway.
You enter an ossuary!
Found a gate leading back out of this place.
There is an empty arch of ancient stone here.
Your +2 dagger of freezing stops glowing.
You hear the crackle of electricity.
g - a +2 whip of electrocution (weapon)
You start resting.
HP restored.
You open the door.
A mummy comes into view.
There is an open door here.
You close the door.
Okay, then.
This spell is quite dangerous to cast!
You start memorising the spell.
You continue memorising. x4
You finish memorising.
Spell assigned to 'c'.
You open the door.
There is an open door here.
A hound zombie comes into view.
The hound zombie moves out of view.
A bullfrog zombie and a ball python zombie come into view.
The ball python zombie moves out of view.
A mummy comes into view.
There is an open door here.
A ball python zombie comes into view.
A hound zombie comes into view.
The ball python zombie bites you.
The ball python zombie closely misses you.
There is an open door here.
The bullfrog zombie closely misses you.
You hit the bullfrog zombie.
Lightning courses through the bullfrog zombie!
You grab the bullfrog zombie.
The bullfrog zombie is heavily damaged.
You constrict the bullfrog zombie. The bullfrog zombie misses you.
You hit the bullfrog zombie.
The bullfrog zombie is severely damaged.
You constrict the bullfrog zombie. The bullfrog zombie hits you.
You hit the bullfrog zombie.
The bullfrog zombie is almost destroyed.
You constrict the bullfrog zombie. The bullfrog zombie barely misses you.
The bullfrog zombie misses you.
You whack the bullfrog zombie!
Lightning courses through the bullfrog zombie!
You destroy the bullfrog zombie!
Your Stealth skill increases to level 4!
You barely miss the ball python zombie. You grab the ball python zombie.
You squeeze the ball python zombie.
The ball python zombie is heavily damaged.
You constrict the ball python zombie. The ball python zombie misses you.
The ball python zombie grabs you. The ball python zombie constricts you.
The ball python zombie bites you. The ball python zombie constricts you.
You hit the ball python zombie.
Lightning courses through the ball python zombie!
You destroy the ball python zombie!
You closely miss the hound zombie. You grab the hound zombie.
You constrict the hound zombie. The hound zombie bites you.
You hit the hound zombie.
Lightning courses through the hound zombie!!
You destroy the hound zombie!
You start resting.
HP restored.
There is an open door here.
A bullfrog zombie comes into view.
The bullfrog zombie moves out of view.
A killer bee zombie comes into view.
The ball python zombie misses you. x2
You closely miss the killer bee zombie. Your grab misses the killer bee zombie.
The killer bee zombie hits you! The killer bee zombie hits you.
The ball python zombie barely misses you.
The ball python zombie closely misses you.
You hit the killer bee zombie. You grab the killer bee zombie.
The killer bee zombie is lightly damaged.
You constrict the killer bee zombie.
The killer bee zombie closely misses you.
The ball python zombie closely misses you.
The ball python zombie barely misses you.
The killer bee zombie hits you but does no damage.
You barely miss the killer bee zombie.
The killer bee zombie is lightly damaged.
You constrict the killer bee zombie. The killer bee zombie hits you.
The ball python zombie bites you but does no damage.
The ball python zombie closely misses you.
The killer bee zombie closely misses you.
You hit the killer bee zombie.
The killer bee zombie is heavily damaged.
You constrict the killer bee zombie.
The killer bee zombie hits you but does no damage.
The ball python zombie bites you. The ball python zombie grabs you.
The ball python zombie constricts you. The killer bee zombie hits you.
You hit the killer bee zombie.
Your squeeze misses the killer bee zombie.
The killer bee zombie is severely damaged.
You constrict the killer bee zombie.
The killer bee zombie closely misses you.
The ball python zombie bites you. The ball python zombie constricts you.
The killer bee zombie hits you.
You hit the killer bee zombie.
The killer bee zombie is almost destroyed.
You constrict the killer bee zombie.
You destroy the killer bee zombie!
The ball python zombie bites you. The ball python zombie constricts you.
You hit the ball python zombie. You grab the ball python zombie.
The ball python zombie is heavily damaged.
You constrict the ball python zombie.
The ball python zombie completely misses you.
The ball python zombie constricts you.
The ball python zombie completely misses you.
The ball python zombie constricts you.
You hit the ball python zombie.
The ball python zombie is severely damaged.
You constrict the ball python zombie.
The ball python zombie closely misses you.
The ball python zombie constricts you.
You hit the ball python zombie.
You destroy the ball python zombie!
There is an open door here.
You close the door.
You start resting.
A mummy opens the door.
You hit the mummy. Lightning courses through the mummy! You grab the mummy.
The mummy is almost destroyed.
You constrict the mummy, but do no damage.
You hit the mummy. Lightning courses through the mummy!
You destroy the mummy!
Your Conjurations skill increases to level 3!
HP restored.
A bullfrog zombie comes into view.
There is an open door here.
You hit the bullfrog zombie. Your grab misses the bullfrog zombie.
You squeeze the bullfrog zombie.
The bullfrog zombie is moderately damaged.
The bullfrog zombie barely misses you.
You hit the bullfrog zombie but do no damage.
You grab the bullfrog zombie.
The bullfrog zombie is moderately damaged.
You constrict the bullfrog zombie. The bullfrog zombie hits you.
The bullfrog zombie closely misses you.
You hit the bullfrog zombie. You squeeze the bullfrog zombie.
The bullfrog zombie is heavily damaged.
You constrict the bullfrog zombie. The bullfrog zombie hits you.
You hit the bullfrog zombie.
The bullfrog zombie is severely damaged.
You constrict the bullfrog zombie. The bullfrog zombie closely misses you.
You hit the bullfrog zombie.
The bullfrog zombie is almost destroyed.
You constrict the bullfrog zombie. The bullfrog zombie misses you.
The bullfrog zombie hits you.
You hit the bullfrog zombie.
Lightning courses through the bullfrog zombie!
You destroy the bullfrog zombie!
You start resting.
A bullfrog zombie is nearby!
The bullfrog zombie barely misses you.
You closely miss the bullfrog zombie. You grab the bullfrog zombie.
You constrict the bullfrog zombie. You hit the bullfrog zombie.
The bullfrog zombie is moderately damaged.
You constrict the bullfrog zombie. The bullfrog zombie hits you.
The bullfrog zombie closely misses you.
You hit the bullfrog zombie but do no damage.
Lightning courses through the bullfrog zombie!
You squeeze the bullfrog zombie, but do no damage.
The bullfrog zombie is heavily damaged.
You constrict the bullfrog zombie. The bullfrog zombie closely misses you.
You hit the bullfrog zombie.
Your squeeze misses the bullfrog zombie.
The bullfrog zombie is almost destroyed.
You constrict the bullfrog zombie. The bullfrog zombie hits you.
The bullfrog zombie barely misses you.
You barely miss the bullfrog zombie.
The bullfrog zombie is almost destroyed.
You constrict the bullfrog zombie.
You destroy the bullfrog zombie!
You start resting.
A ball python zombie comes into view.
No target in view!
You open the door.
A howler monkey zombie comes into view.
You hit the howler monkey zombie. You grab the howler monkey zombie.
You squeeze the howler monkey zombie!
The howler monkey zombie is heavily damaged.
You constrict the howler monkey zombie. The howler monkey zombie hits you.
You hit the howler monkey zombie but do no damage.
You squeeze the howler monkey zombie, but do no damage.
The howler monkey zombie is heavily damaged.
You constrict the howler monkey zombie.
The howler monkey zombie hits you but does no damage.
You hit the howler monkey zombie.
The howler monkey zombie is severely damaged.
You constrict the howler monkey zombie. The howler monkey zombie hits you.
The ball python zombie barely misses you.
The ball python zombie misses you.
You barely miss the howler monkey zombie.
The howler monkey zombie is severely damaged.
You constrict the howler monkey zombie.
The howler monkey zombie closely misses you.
The ball python zombie closely misses you. x2
You hit the howler monkey zombie.
The howler monkey zombie is almost destroyed.
You constrict the howler monkey zombie.
You destroy the howler monkey zombie!
The ball python zombie completely misses you. x2
You hit the ball python zombie. You grab the ball python zombie.
The ball python zombie is lightly damaged.
You constrict the ball python zombie.
The ball python zombie barely misses you.
The ball python zombie closely misses you.
You hit the ball python zombie.
Lightning courses through the ball python zombie!
You destroy the ball python zombie!
No target in view!
A howler monkey zombie comes into view.
A howler monkey zombie is nearby!
You completely miss the howler monkey zombie.
Your grab misses the howler monkey zombie.
You squeeze the howler monkey zombie.
The howler monkey zombie is moderately damaged.
The howler monkey zombie barely misses you.
You hit the howler monkey zombie. You grab the howler monkey zombie.
You squeeze the howler monkey zombie, but do no damage.
The howler monkey zombie is moderately damaged.
You constrict the howler monkey zombie.
The howler monkey zombie barely misses you.
You hit the howler monkey zombie but do no damage.
The howler monkey zombie is moderately damaged.
You constrict the howler monkey zombie.
The howler monkey zombie closely misses you.
You completely miss the howler monkey zombie.
You squeeze the howler monkey zombie.
The howler monkey zombie is moderately damaged.
You constrict the howler monkey zombie.
The howler monkey zombie barely misses you.
You hit the howler monkey zombie. You squeeze the howler monkey zombie.
The howler monkey zombie is severely damaged.
You constrict the howler monkey zombie. The howler monkey zombie hits you.
You hit the howler monkey zombie.
You destroy the howler monkey zombie!
Your Stealth skill increases to level 5!
HP restored.
You open the door.
A bullfrog zombie comes into view.
You hit the bullfrog zombie. You grab the bullfrog zombie.
The bullfrog zombie is lightly damaged.
You constrict the bullfrog zombie. The bullfrog zombie barely misses you.
The bullfrog zombie hits you.
You hit the bullfrog zombie.
The bullfrog zombie is moderately damaged.
You constrict the bullfrog zombie. The bullfrog zombie hits you.
You hit the bullfrog zombie.
Lightning courses through the bullfrog zombie!
You squeeze the bullfrog zombie, but do no damage.
The bullfrog zombie is severely damaged.
You constrict the bullfrog zombie.
The bullfrog zombie closely misses you. x2
You completely miss the bullfrog zombie.
The bullfrog zombie is severely damaged.
You constrict the bullfrog zombie. The bullfrog zombie hits you.
You hit the bullfrog zombie.
The bullfrog zombie is almost destroyed.
You constrict the bullfrog zombie.
You destroy the bullfrog zombie!
No target in view!
You start resting.
HP restored.
There is an open door here.
A bog mummy comes into view.
Press: ? - help, v - describe, . - travel The floor.
A bog mummy is nearby!
This spell is quite dangerous to cast!
You start memorising the spell.
You continue memorising. x4
You finish memorising.
Spell assigned to 'd'.
You open the door.
A hound zombie comes into view.
The hound zombie bites you.
You barely miss the hound zombie. You grab the hound zombie.
You constrict the hound zombie. You hit the hound zombie.
Lightning courses through the hound zombie!
The hound zombie is almost destroyed.
You constrict the hound zombie. The hound zombie misses you.
You hit the hound zombie but do no damage.
The hound zombie is almost destroyed.
You constrict the hound zombie. The hound zombie closely misses you.
The hound zombie bites you but does no damage.
You hit the hound zombie.
You destroy the hound zombie!
You open the door.
A howler monkey zombie comes into view.
You barely miss the howler monkey zombie.
You grab the howler monkey zombie. You squeeze the howler monkey zombie.
The howler monkey zombie is moderately damaged.
You constrict the howler monkey zombie. The howler monkey zombie misses you.
You hit the howler monkey zombie.
The howler monkey zombie is moderately damaged.
You constrict the howler monkey zombie.
The howler monkey zombie completely misses you.
You hit the howler monkey zombie. You squeeze the howler monkey zombie.
The howler monkey zombie is severely damaged.
You constrict the howler monkey zombie. The howler monkey zombie hits you. x2
You hit the howler monkey zombie.
Lightning courses through the howler monkey zombie!
You destroy the howler monkey zombie!
You start resting.
HP restored.
There is an open door here.
You open the door.
A ball python zombie comes into view.
You hit the ball python zombie. You grab the ball python zombie.
The ball python zombie is severely damaged.
You constrict the ball python zombie.
You destroy the ball python zombie!
No target in view!
You open the door.
A bullfrog zombie comes into view.
You catch the helpless bullfrog zombie completely off-guard!
You hit the bullfrog zombie. You grab the bullfrog zombie.
The bullfrog zombie is lightly damaged.
You constrict the bullfrog zombie. The bullfrog zombie misses you.
You hit the bullfrog zombie.
The bullfrog zombie is moderately damaged.
You constrict the bullfrog zombie. The bullfrog zombie hits you. x2
You hit the bullfrog zombie. You squeeze the bullfrog zombie.
The bullfrog zombie is heavily damaged.
You constrict the bullfrog zombie. The bullfrog zombie barely misses you.
You hit the bullfrog zombie.
You squeeze the bullfrog zombie, but do no damage.
The bullfrog zombie is heavily damaged.
You constrict the bullfrog zombie. The bullfrog zombie misses you.
The bullfrog zombie closely misses you.
You hit the bullfrog zombie.
Lightning courses through the bullfrog zombie!
The bullfrog zombie is almost destroyed.
You constrict the bullfrog zombie.
You destroy the bullfrog zombie!
No target in view!
You start resting.
HP restored.
You open the door.
A hound zombie comes into view.
You catch the helpless hound zombie completely off-guard!
You hit the hound zombie. You grab the hound zombie.
Your squeeze misses the hound zombie.
The hound zombie is lightly damaged.
You constrict the hound zombie. The hound zombie closely misses you.
You hit the hound zombie.
You squeeze the hound zombie, but do no damage.
The hound zombie is moderately damaged.
You constrict the hound zombie. The hound zombie barely misses you.
The hound zombie bites you but does no damage.
You hit the hound zombie.
The hound zombie is severely damaged.
You constrict the hound zombie. The hound zombie bites you.
You hit the hound zombie.
Lightning courses through the hound zombie!
You destroy the hound zombie!
You start resting.
A hound zombie is nearby!
As you open the door, it creaks loudly!
There is an open door here.
You hit the hound zombie. You grab the hound zombie.
Your squeeze misses the hound zombie.
The hound zombie is moderately damaged.
You constrict the hound zombie. The hound zombie misses you.
You hit the hound zombie.
The hound zombie is moderately damaged.
You constrict the hound zombie. The hound zombie barely misses you.
The hound zombie closely misses you.
You hit the hound zombie.
Lightning courses through the hound zombie!
You squeeze the hound zombie.
You destroy the hound zombie!
Your Fire Magic skill increases to level 1!
A ball python zombie comes into view.
The ball python zombie closely misses you.
The ball python zombie grabs you. The ball python zombie constricts you.
You barely miss the ball python zombie.
Your grab misses the ball python zombie.
You hit the ball python zombie. You grab the ball python zombie.
The ball python zombie is severely damaged.
You constrict the ball python zombie.
The ball python zombie barely misses you.
The ball python zombie constricts you.
You hit the ball python zombie.
You destroy the ball python zombie!
HP restored.
You open the door.
A howler monkey zombie comes into view.
You hit the howler monkey zombie.
Lightning courses through the howler monkey zombie!
Your grab misses the howler monkey zombie.
You squeeze the howler monkey zombie.
You destroy the howler monkey zombie!
You open the door.
A ball python zombie comes into view.
You hit the ball python zombie. You grab the ball python zombie.
You squeeze the ball python zombie.
You destroy the ball python zombie!
A mummy and a bog mummy come into view.
You aren't carrying any items that you can evoke.
You start waiting.
A bog mummy is nearby!
Casting: Sting (safe; 1% risk of failure)
Confirm with . or Enter, or press ? or * to list all spells.
Aiming: Fulminant Prism (quite dangerous; 14% risk of failure)
Press: ? - help, Dir - move target You conjure a prism of explosive energy!
A fulminant prism comes into view.
Your fulminant prism crackles loudly.
Your fulminant prism explodes!
The blast of energy engulfs the bog mummy!!
The bog mummy is almost destroyed.
A killer bee zombie comes into view.
Casting: Fulminant Prism (quite dangerous; 14% risk of failure)
Confirm with . or Enter, or press ? or * to list all spells.
Aiming: Fulminant Prism (quite dangerous; 14% risk of failure)
Press: ? - help, Dir - move target You conjure a prism of explosive energy!
A fulminant prism comes into view.
The killer bee zombie misses you.
The bog mummy hits your fulminant prism!
Your fulminant prism detonates feebly.
The killer bee zombie hits you.
You hit the killer bee zombie. Your grab misses the killer bee zombie.
Your squeeze misses the killer bee zombie.
The killer bee zombie is lightly damaged.
The killer bee zombie barely misses you.
The killer bee zombie hits you!
You hit the killer bee zombie.
Lightning courses through the killer bee zombie!
You grab the killer bee zombie.
The killer bee zombie is almost destroyed.
You constrict the killer bee zombie.
The killer bee zombie barely misses you. x2
You hit the killer bee zombie.
The killer bee zombie is almost destroyed.
You constrict the killer bee zombie.
You destroy the killer bee zombie!
You hit the bog mummy.
You destroy the bog mummy!
You start resting.
A mummy is nearby!
You hit the mummy but do no damage. You grab the mummy. You squeeze the mummy.
The mummy is lightly damaged.
You constrict the mummy. The mummy misses you.
You hit the mummy.
The mummy is moderately damaged.
You constrict the mummy, but do no damage.
The mummy barely misses you.
You hit the mummy.
The mummy is moderately damaged.
You constrict the mummy, but do no damage.
You hit the mummy.
The mummy is heavily damaged.
You constrict the mummy. The mummy barely misses you.
You hit the mummy.
The mummy is almost destroyed.
You constrict the mummy, but do no damage.
The mummy hits you!
You hit the mummy. You squeeze the mummy.
You destroy the mummy!
You swing at nothing.
You hit the mummy. You grab the mummy.
The mummy is moderately damaged.
You constrict the mummy, but do no damage.
The mummy hits you.
You hit the mummy. You squeeze the mummy!
The mummy is almost destroyed.
You constrict the mummy. You hit the mummy but do no damage.
The mummy is almost destroyed.
You constrict the mummy. The mummy hits you!
* * * LOW HITPOINT WARNING * * *
You hit the mummy.
You destroy the mummy!
There is an open door here.
You close the door.
You start resting.
HP restored.
You open the door.
There is an open door here.
You enter the shallow water.
You enter the shallow water.
You enter the shallow water.
There is an open door here.
a - 2 potions of magic (gained 1)
x - a scroll labelled JISKOXAYCH
y - a ring of willpower
z - 2 metallic white potions
n - 3 green potions (gained 1)
A - an emerald potion
B - a viscous golden potion
C - a scroll labelled UXZAVOPUEBA
z - 3 metallic white potions (gained 1)
There is an open door here.
You enter the shallow water.
There is an open door here.
You enter the shallow water.
There is an open door here.
f - 6 scrolls labelled NAD KEMIKUGHU (gained 1)
n - 4 green potions (gained 1)
m - 2 scrolls labelled ZADWUH LAOJ (gained 1)
n - 5 green potions (gained 1)
e - 11 scrolls labelled IHEUSUP TUDGH (gained 1)
v - 2 scrolls labelled NEGUPH NEUSHRU (gained 1)
z - 4 metallic white potions (gained 1)
a - 3 potions of magic (gained 1)
m - 3 scrolls labelled ZADWUH LAOJ (gained 1)
There is an open door here.
You enter the shallow water.
As you open the door, it creaks loudly!
A crocodile zombie comes into view.
A crocodile zombie is nearby!
Casting: Fulminant Prism (quite dangerous; 13% risk of failure)
Confirm with . or Enter, or press ? or * to list all spells.
Aiming: Fulminant Prism (quite dangerous; 13% risk of failure)
Press: ? - help, Dir - move target You conjure a prism of explosive energy!
A fulminant prism comes into view.
Your fulminant prism crackles loudly.
Your fulminant prism explodes!
The blast of energy engulfs the crocodile zombie!
The crocodile zombie is moderately damaged.
There is an open door here.
Casting: Fulminant Prism (quite dangerous; 13% risk of failure)
Confirm with . or Enter, or press ? or * to list all spells.
Aiming: Fulminant Prism (quite dangerous; 13% risk of failure)
Press: ? - help, Dir - move target You conjure a prism of explosive energy!
A fulminant prism comes into view.
Your fulminant prism crackles loudly.
The crocodile zombie bites your fulminant prism!
Your fulminant prism explodes!
The blast of energy engulfs the crocodile zombie.
The crocodile zombie is heavily damaged.
You barely miss the crocodile zombie. You squeeze the crocodile zombie!
The crocodile zombie is severely damaged.
The crocodile zombie bites you.
The crocodile zombie drags you backwards!
You hit the crocodile zombie.
Lightning courses through the crocodile zombie!
The crocodile zombie is almost destroyed.
The crocodile zombie bites you.
The crocodile zombie drags you backwards!
You hit the crocodile zombie.
The crocodile zombie is almost destroyed.
You barely miss the crocodile zombie. You squeeze the crocodile zombie.
You destroy the crocodile zombie!
Your Conjurations skill increases to level 4!
No target in view!
Magic restored.
You open the door.
A bullfrog zombie comes into view.
You catch the helpless bullfrog zombie completely off-guard!
You hit the bullfrog zombie. Your grab misses the bullfrog zombie.
The bullfrog zombie is lightly damaged.
The bullfrog zombie closely misses you. The bullfrog zombie misses you.
You closely miss the bullfrog zombie. You grab the bullfrog zombie.
You squeeze the bullfrog zombie.
The bullfrog zombie is moderately damaged.
You constrict the bullfrog zombie. The bullfrog zombie barely misses you.
You hit the bullfrog zombie.
Lightning courses through the bullfrog zombie!
You squeeze the bullfrog zombie, but do no damage.
The bullfrog zombie is severely damaged.
You constrict the bullfrog zombie.
The bullfrog zombie completely misses you.
The bullfrog zombie hits you.
You hit the bullfrog zombie.
The bullfrog zombie is almost destroyed.
You constrict the bullfrog zombie.
You destroy the bullfrog zombie!
Your Stealth skill increases to level 6!
No target in view!
You enter the shallow water.
You enter the shallow water.
You enter the shallow water.
A bog mummy comes into view.
A bog mummy is nearby!
A bog mummy is nearby!
Casting: Fulminant Prism (quite dangerous; 13% risk of failure)
Confirm with . or Enter, or press ? or * to list all spells.
Aiming: Fulminant Prism (quite dangerous; 13% risk of failure)
Press: ? - help, Dir - move target You conjure a prism of explosive energy!
A fulminant prism comes into view.
Your fulminant prism crackles loudly.
Your fulminant prism explodes!
The blast of energy engulfs the bog mummy!
The bog mummy is almost destroyed.
Casting: Fulminant Prism (quite dangerous; 13% risk of failure)
Confirm with . or Enter, or press ? or * to list all spells.
Aiming: Fulminant Prism (quite dangerous; 13% risk of failure)
Press: ? - help, Dir - move target You conjure a prism of explosive energy!
A fulminant prism comes into view.
The bog mummy points at you and mumbles some strange words.
The puff of frost hits your fulminant prism.
Your fulminant prism resists.
Your fulminant prism crackles loudly.
Your fulminant prism explodes!
The blast of energy engulfs the bog mummy!
You destroy the bog mummy!
You have reached level 9!
Your experience leads to an increase in your attributes!
Increase (S)trength, (I)ntelligence, or (D)exterity?
You feel clever. x2
You open the door.
A crocodile zombie comes into view.
A crocodile zombie is nearby!
A crocodile zombie is nearby!
You hit the crocodile zombie.
The crocodile zombie is lightly damaged.
The crocodile zombie bites you.
You closely miss the crocodile zombie.
The crocodile zombie is lightly damaged.
The crocodile zombie bites you!
You hit the crocodile zombie.
The crocodile zombie is lightly damaged.
The crocodile zombie closely misses you.
You barely miss the crocodile zombie.
The crocodile zombie is lightly damaged.
The crocodile zombie bites you!
You are too injured to fight recklessly!
You are too injured to fight recklessly!
You are too injured to fight recklessly!
You barely miss the crocodile zombie.
The crocodile zombie is lightly damaged.
The crocodile zombie bites you.
You barely miss the crocodile zombie.
Your squeeze misses the crocodile zombie.
The crocodile zombie is lightly damaged.
You hit the crocodile zombie.
Your squeeze misses the crocodile zombie.
The crocodile zombie is lightly damaged.
The crocodile zombie bites you!
* * * LOW HITPOINT WARNING * * *
You hit the crocodile zombie. You squeeze the crocodile zombie.
The crocodile zombie is moderately damaged.
The crocodile zombie bites you.
* * * LOW HITPOINT WARNING * * *
You hit the crocodile zombie.
Your squeeze misses the crocodile zombie.
The crocodile zombie is moderately damaged.
The crocodile zombie misses you.
Okay, then.
You hit the crocodile zombie.
Lightning courses through the crocodile zombie!
The crocodile zombie is severely damaged.
The crocodile zombie bites you.
* * * LOW HITPOINT WARNING * * *
You hit the crocodile zombie.
The crocodile zombie is severely damaged.
The crocodile zombie barely misses you.
You completely miss the crocodile zombie.
You squeeze the crocodile zombie.
The crocodile zombie is almost destroyed.
The crocodile zombie bites you!
* * * LOW HITPOINT WARNING * * *
You feel yourself speed up. The crocodile zombie barely misses you.
The bog mummy casts a spell at you. The puff of frost hits you!
You die...

###############
#.#.#.#.#.#.#.#
###'#'#'#'#'#'#'###
#.'..........M..'.#
###.##'##'##'##@###
#.'.#...#.#...#.'.#
###.#.∩.###...#.###
#.'.#..∩#.#...#.'.#
###.#####'#####.###
#.'........Z....'.#
###.#####'#####.###
#.'.#...#.#...#...#
###.#...###...#.~##


You could see a bog mummy.

Vanquished Creatures
  Sigmund (D:2)
  Eustachio (D:3)
  Menkaure (D:4)
  A crocodile (Sewer)
  A brain worm (Sewer)
  3 scorpions
  6 bullfrog zombies (Ossuary)
  A jelly (D:5)
  2 hounds
  2 iguanas
  Natasha (D:4)
  3 orc wizards
  2 killer bee zombies (Ossuary)
  A crocodile zombie (Ossuary)
  4 hound zombies (Ossuary)
  5 mummies (Ossuary)
  4 howler monkey zombies (Ossuary)
  4 adders
  A shadow imp (D:5)
  A dart slug (D:4)
  A ribbon worm (D:3)
  16 orcs
  2 ball pythons
  12 bats
  6 endoplasms
  A giant cockroach (D:5)
  3 goblins
  3 hobgoblins
  8 jackals (D:2)
  7 quokkas
  6 ball python zombies (Ossuary)
  A frilled lizard (D:1)
  6 kobolds
  4 rats
121 creatures vanquished.

Vanquished Creatures (others)
  6 fulminant prisms (Ossuary)
6 creatures vanquished.

Grand Total: 127 creatures vanquished

Notes
Turn   | Place    | Note
-------+----------+-------------------------------------------
     0 | D:1      | sleeves the Octopode Alchemist began the quest for the Orb.
     0 | D:1      | Reached XP level 1. HP: 11/11 MP: 3/3
   159 | D:1      | Reached XP level 2. HP: 15/17 MP: 0/5
   313 | D:1      | Reached skill level 4 in Alchemy
   830 | D:2      | Reached XP level 3. HP: 21/21 MP: 2/6
  1040 | D:2      | Reached skill level 5 in Alchemy
  1110 | D:2      | Reached XP level 4. HP: 27/27 MP: 0/7
  1225 | D:2      | Noticed Sigmund
  1230 | D:2      | Killed Sigmund
  1231 | D:2      | Reached skill level 4 in Spellcasting
  1231 | D:2      | Reached XP level 5. HP: 24/31 MP: 8/12
  1231 | D:2      | Reached XP level 6. HP: 28/36 MP: 8/13
  1692 | D:3      | Learned a level 3 spell: Mephitic Cloud
  1695 | D:3      | HP: 13/36 [orc wizard/puff of flame (12)]
  1972 | D:3      | Got the Grimoire of the Guild-Master
  2113 | D:3      | Found a bloodstained altar of Trog.
  2194 | D:3      | Reached skill level 5 in Spellcasting
  2205 | D:3      | HP: 18/36 [orc wizard/+0 dagger (4)]
  2212 | D:3      | HP: 10/36 [something (1)]
  2741 | D:4      | Reached skill level 6 in Spellcasting
  2741 | D:4      | Reached XP level 7. HP: 34/41 MP: 13/16
  2780 | D:4      | Found Wibaxz Aluib's CLEARANCE SALE!.
  2856 | D:4      | Noticed Menkaure
  2863 | D:4      | HP: 12/41 [Menkaure (10)]
  2864 | D:4      | HP: 3/41 [Menkaure/nerve-wracking pain (10)]
  2865 | D:4      | Killed Menkaure
  3023 | D:4      | Noticed Eustachio
  3239 | D:3      | Killed Eustachio
  3240 | D:3      | Reached skill level 7 in Spellcasting
  3357 | D:4      | Noticed Natasha
  3364 | D:4      | Killed Natasha
  3585 | D:5      | Entered Level 5 of the Dungeon
  3592 | D:5      | HP: 18/41 [acid (9)]
  3593 | D:5      | HP: 6/41 [acid (8)]
  3709 | D:5      | Found the Hermit's Pendant {Faith Invo=14 Evo=0 MP+5}
  3712 | D:5      | Found a glowing drain.
  3743 | Sewer    | Entered a sewer
  3837 | Sewer    | Reached XP level 8. HP: 41/46 MP: 15/19
  3850 | Sewer    | Reached skill level 8 in Spellcasting
  4209 | D:5      | Noticed Grinder
  4422 | D:5      | Reached skill level 3 in Stealth
  4422 | D:5      | Reached skill level 2 in Conjurations
  5277 | D:6      | Found an ornate altar of the Wu Jian Council.
  5467 | D:6      | Found a blossoming altar of Fedhas.
  5521 | D:6      | Found a sand-covered staircase.
  5530 | Ossuary  | Entered an ossuary
  5545 | Ossuary  | Learned a level 4 spell: Fulminant Prism
  5564 | Ossuary  | Reached skill level 4 in Stealth
  5662 | Ossuary  | Reached skill level 3 in Conjurations
  5750 | Ossuary  | Reached skill level 5 in Stealth
  5813 | Ossuary  | Learned a level 4 spell: Sticky Flame
  5912 | Ossuary  | Reached skill level 1 in Fire Magic
  5988 | Ossuary  | HP: 15/46 [mummy (13)]
  6187 | Ossuary  | Reached skill level 4 in Conjurations
  6211 | Ossuary  | Reached skill level 6 in Stealth
  6241 | Ossuary  | Reached XP level 9. HP: 51/51 MP: 21/21
  6288 | Ossuary  | HP: 19/51 [crocodile zombie (8)]
  6293 | Ossuary  | HP: 6/51 [crocodile zombie (7)]
  6303 | Ossuary  | Killed from afar by a bog mummy

Illustrated notes

Levels and vault maps discovered:
D:1:      dpeg_arrival_shelter, layout_loops_ring, chequers_decorated_corner,
          minmay_misc_feat_encased, hangedman_abyss_or_decor_stabs
D:2:      layout_loops_ring, uniq_sigmund
D:3:      layout_loops_ring, bloody_trog, item_on_display_a
D:4:      layout_gridville, nicolae_shop_clearance, uniq_menkaure, uniq_natasha,
          uniq_eustachio
D:5:      layout_loops_cross, portal_sewer_entry_f, uniq_grinder
D:6:      minmay_polygon_palace, layout_layer_cave, lemuel_crystal_altar,
          nicolae_overflow_crystal_walls, nicolae_wu_jian_immortal_techniques,
          nicolae_ossuary_entry_monument
Ossuary:  ossuary_zaba_flooded

Skill      XL: |  1  2  3  4  5  6  7  8 |
---------------+-------------------------+-----
Alchemy        | 4 5 |  5.0
Spellcasting   | 4 6 7 8 |  8.1
Stealth        | 6 |  6.1
Conjurations   | 4 |  4.1
Fire Magic     | 1 |  1.8
Dodging        | |  2.0

Action                     |  1- 3 |  4- 6 |  7- 9 || total
---------------------------+-------+-------+-------++-------
  Melee: Dagger            |    10 |       |    13 ||    23
         Unarmed           |     3 |       |       ||     3
         Constrict         |     5 |     9 |    42 ||    56
         Whip              |    12 |    55 |   175 ||   242
         Tentacles         |     3 |     9 |    47 ||    59
   Cast: Sting             |    23 |    19 |    48 ||    90
         Mephitic Cloud    |       |       |     4 ||     4
         Fulminant Prism   |       |       |     6 ||     6
    Use: Potion            |       |       |     1 ||     1
   Stab: Sleeping          |     4 |     7 |     5 ||    16
         Distracted        |       |       |     3 ||     3
         Confused          |       |       |     1 ||     1
 Armour: Skin              |     9 |    31 |    89 ||   129
  Dodge: Dodged            |    15 |    34 |   123 ||   172

Table legend: (Time is in decaauts)
 A = Elapsed time spent in this place.
 B = Non-inter-level travel time spent in this place.
 C = Inter-level travel time spent in this place.
 D = Time resting spent in this place.
 E = Time spent auto-exploring this place.
 F = Levels seen in this place.
 G = Mean time per level.
                   A        B        C        D        E       F      G
               +--------+--------+--------+--------+--------+-----+--------+
         Total |   6322 |   6018 |    304 |    771 |   4163 |   8 |  790.2 |
       Dungeon |   5281 |   4977 |    304 |    356 |   3893 |   6 |  880.2 |
         Sewer |    260 |    260 |      0 |     95 |     95 |   1 |  260.0 |
       Ossuary |    780 |    780 |      0 |    320 |    175 |   1 |  780.0 |
               +--------+--------+--------+--------+--------+-----+--------+

Top non-repeatable levels by time:
     D:5: 1382 daAuts
     D:2: 943 daAuts
     D:3: 936 daAuts
     D:4: 921 daAuts
     D:1: 793 daAuts
 Ossuary: 780 daAuts
     D:6: 303 daAuts
   Sewer: 260 daAuts
